 Dungeon Crawl Stone Soup version 0.31-a0-1388-g4b2ba238e7 (webtiles) character file.

Game seed: 3658724043924917741

2026 Laraso the Basher (level 9, 0/84 HPs)
             Began as an Oni Cinder Acolyte on Dec 24, 2023.
             Was a High Priest of Ignis.
             Splashed by a jelly's acid (10 damage)
             ... on level 6 of the Dungeon.
             The game lasted 00:07:42 (6512 turns).

Laraso the Basher (Oni Cinder Acolyte)              Turns: 6512, Time: 00:07:43

Health: 0/84       AC: 13    Str: 28 (30) XL:     9   Next: 23%
Magic:  2/12       EV:  9    Int: 14 (15) God:    Ignis [*****.]
Gold:   212        SH:  0    Dex:  2 (4)  Spells: 10/12 levels left

rFire   + . .        b - +1 flail (protect)
rCold   . . .        (no shield)
rNeg    . . .        t - +0 robe
rPois   .            (helmet restricted)
rElec   .            (no cloak)
rCorr   .            (gloves unavailable)
SInv    .            (boots unavailable)
Will    .....        (no amulet)
Stlth   +            j - +6 ring of strength
HPRegen 0.34/turn    (no ring)
MPRegen 0.13/turn

%: no passive effects
@: corroded, under a protective aura, fiery-armoured
A: large, unfitting armour, horns 1, tough skin 1, double potion healing,
drunken brawling
a: Renounce Religion, Fiery Armour, Foxfire Swarm, Rising Flame


You were on level 6 of the Dungeon.
You worshipped Ignis.
Ignis was extremely pleased with you.
You visited 1 branch of the dungeon, and saw 6 of its levels.
You also visited: Sewer.

You collected 212 gold pieces.

Inventory:

Hand Weapons
 a - a +0 giant spiked club of freezing
 b - a +1 flail of protection (weapon)
 d - a +0 giant club
Missiles
 v - a throwing net
Armour
 t - a +0 robe (worn)
Jewellery
 j - a +6 ring of strength (left hand)
Wands
 s - a wand of mindburst (14)
Scrolls
 e - 2 scrolls of amnesia
 m - a scroll of silence
 n - a scroll of torment
 o - 3 scrolls of fear
 p - 4 scrolls of enchant armour
 q - a scroll of blinking
Potions
 c - a potion of might {unknown}
 f - a potion of resistance {unknown}
 g - a potion of mutation {unknown}
 h - a potion of heal wounds {unknown}
 i - a potion of curing {unknown}
 k - a potion of berserk rage {unknown}
 r - a potion of haste
 u - a potion of lignification {unknown}
 w - a potion of brilliance {unknown}


   Skills:
 - Level 4.0 Fighting
 * Level 11.9 Maces & Flails
 - Level 2.2 Spellcasting
 - Level 3.0 Fire Magic


You had 10 spell levels left.
You knew the following spells:

 Your Spells              Type           Power      Damage    Failure   Level
a - Scorch                Fire           18%        2d5       11%         2

Your spell library contained the following spells:

 Spells                   Type           Power      Damage    Failure   Level
 Magic Dart               Conj           4%         1d3       24%         1
 Sandblast                Erth           2%         2d4       24%         1
 Blink                    Tloc           2%         N/A       34%         2
 Call Imp                 Summ           2%         N/A       34%         2
 Passwall                 Alch/Erth      0%         N/A       34%         2
 Searing Ray              Conj           2%         2d4       34%         2
 Stone Arrow              Conj/Erth      2%         3d7       56%         3
 Brom's Barrelling Bould  Conj/Erth      1%         2d3       93%         4
 Fulminant Prism          Conj/Alch      0%         3d5       93%         4


Dungeon Overview and Level Annotations

Branches:
Dungeon (6/15)              Sewer (visited)
 Temple: D:4-7

Altars:
Fedhas
Hepliaklqana
Qazlal
Zin

Shops:
D:5 [


Innate Abilities, Weirdness & Mutations

You are too large for most types of armour.
You have a pair of small horns on your head.
You have tough skin. (AC +1)
You gain doubled healing and magic from potions.
Whenever you drink a healing potion, you attack all around you.


Message History

The wyvern bites you!
You closely miss the kobold brigand.
The kobold brigand is severely wounded.
The wyvern closely misses you.
The kobold brigand hits you with a +1 short sword of holy wrath.
A jelly comes into view.
The wyvern bites you!
You barely miss the kobold brigand. You headbutt the kobold brigand.
The kobold brigand is severely wounded.
The kobold brigand closely misses you. The wyvern closely misses you.
You closely miss the kobold brigand.
The kobold brigand is severely wounded.
The wyvern bites you!
The kobold brigand hits you with a +1 short sword of holy wrath.
You barely miss the kobold brigand.
The kobold brigand is severely wounded.
The wyvern bites you but does no damage.
The kobold brigand hits you with a +1 short sword of holy wrath.
You thump the kobold brigand!
You kill the kobold brigand!
The wyvern bites you. The wyvern bites you!
* * * LOW HITPOINT WARNING * * *
Items here: $ ( ) †.
You thump the wyvern! Your headbutt misses the wyvern.
The wyvern is heavily wounded.
The wyvern bites you.
* * * LOW HITPOINT WARNING * * *
It was a potion of degeneration.
There was something very wrong with that liquid.
You feel weakened.
You feel dopey.
You feel clumsy. The wyvern bites you!
* * * LOW HITPOINT WARNING * * *
The wyvern bites you.
* * * LOW HITPOINT WARNING * * *
A protective cloak of flame settles atop you.
The jelly hits you.
* * * LOW HITPOINT WARNING * * *
The acid corrodes you!
You are splashed with acid!
You die...

.... #...#######...... .
.. #...# ##.(..#.
#......# #.......
#.###..# #.......
#......# #....... #
..#...## ###...##
#.###.#....##### #...##
#..!..#J.......# #..#..
.....#..@k..####.###..#.#
.## #.###........##..#.#
#. ..............#.#
/..#...............# ###
#...####..##.#..#
#.........##.#...
....#####.##....# ..#
#.####..# #.####..#


You could see a wyvern and a jelly.

Vanquished Creatures
  Eustachio (D:4)
  A steam dragon (D:5)
  An orc warrior (D:6)
  An ice beast (D:6)
  A black bear (D:4)
  3 ogres
  3 phantoms
  5 kobold brigands
  A bullfrog (D:6)
  A scorpion (D:4)
  A jelly (D:5)
  A hound (D:6)
  An orc priest (D:5)
  An iguana (D:5)
  Natasha (thrice) (D:2)
  4 orc wizards
  9 adders
  2 shadow imps
  3 white imps
  A worm (D:4)
  3 dart slugs
  20 orcs
  6 ball pythons
  6 endoplasms
  6 giant cockroaches
  8 hobgoblins
  7 jackals
  2 quokkas
  4 bats
  3 frilled lizards
  12 goblins
  23 kobolds
  6 rats
150 creatures vanquished.

Vanquished Creatures (others)
  2 orcs (D:6)
2 creatures vanquished.

Grand Total: 152 creatures vanquished

Notes
Turn   | Place    | Note
-------+----------+-------------------------------------------
     0 | D:1      | Laraso the Oni Cinder Acolyte began the quest for the Orb.
     0 | D:1      | Reached XP level 1. HP: 24/24 MP: 2/2
   182 | D:1      | Reached XP level 2. HP: 32/32 MP: 2/4
   272 | D:1      | Learned a level 2 spell: Scorch
   747 | D:2      | Noticed Natasha
   858 | D:2      | Killed Natasha
   859 | D:2      | Reached XP level 3. HP: 38/39 MP: 0/6
   954 | D:2      | Reached skill level 4 in Maces & Flails
   997 | D:2      | Reached XP level 4. HP: 48/48 MP: 4/7
  1386 | D:2      | Noticed Natasha
  1397 | D:2      | Killed Natasha
  1537 | D:2      | Found a faded altar of an unknown god.
  1693 | D:2      | Noticed Natasha
  1699 | D:2      | Killed Natasha
  1700 | D:2      | Reached skill level 5 in Maces & Flails
  1700 | D:2      | Reached XP level 5. HP: 44/54 MP: 3/8
  1744 | D:3      | Found a glowing drain.
  1757 | Sewer    | Entered a sewer
  1847 | Sewer    | Noticed a kobold brigand
  1864 | Sewer    | Killed a kobold brigand
  1989 | Sewer    | Noticed a kobold brigand
  1989 | Sewer    | Noticed a kobold brigand
  1999 | Sewer    | Killed a kobold brigand
  2000 | Sewer    | Reached skill level 6 in Maces & Flails
  2000 | Sewer    | Reached XP level 6. HP: 33/62 MP: 0/9
  2611 | D:3      | Reached skill level 7 in Maces & Flails
  3063 | D:3      | Found a stormy altar of Qazlal.
  3257 | D:4      | Noticed Eustachio
  3265 | D:4      | Killed Eustachio
  3266 | D:4      | Reached XP level 7. HP: 55/70 MP: 1/10
  3632 | D:4      | Found a blossoming altar of Fedhas.
  3863 | D:4      | Reached skill level 8 in Maces & Flails
  4667 | D:5      | Entered Level 5 of the Dungeon
  4736 | D:5      | Reached skill level 9 in Maces & Flails
  4736 | D:5      | Reached XP level 8. HP: 71/78 MP: 11/11
  5267 | D:5      | Reached skill level 10 in Maces & Flails
  5377 | D:5      | Found Vacwu's Armour Emporium.
  5662 | D:6      | Found a hazy altar of Hepliaklqana.
  5662 | D:6      | Found a glowing silver altar of Zin.
  5816 | D:6      | Reached skill level 11 in Maces & Flails
  6192 | D:6      | Reached XP level 9. HP: 65/84 MP: 10/12
  6512 | D:6      | Splashed by a jelly's acid

Illustrated notes

Levels and vault maps discovered:
D:1:      lemuel_arrival_room, layout_loops_ring, dk_noncrumbling_2
D:2:      layout_rooms, hellmonk_ecumenical_altar_zigzags,
          minmay_misc_feat_pillars, uniq_natasha
D:3:      layout_basic, nicolae_qazlal_eye_of_the_storm, portal_sewer_entry_b
D:4:      kennysheep_the_goblin_king, layout_loops_corners,
          fedhas_ov_isle_minmay, uniq_eustachio
D:5:      layout_rooms, serial_shops, shop, nicolae_tricolors
D:6:      hangedman_cross_stitches, layout_loops_cross,
          chequers_temple_overflow_statue_of_worship,
          mainiacjoe_overflow_two_lobes

Skill      XL: |  1  2  3  4  5  6  7  8 |
---------------+-------------------------+-----
Spellcasting   | 2 |  2.2
Fire Magic     | 3 |  3.0
Maces & Flails | 4 5 6 7 9 11 | 11.9
Fighting       | |  4.0

Action                     |  1- 3 |  4- 6 |  7- 9 || total
---------------------------+-------+-------+-------++-------
  Melee: Mace              |    40 |    60 |       ||   100
         Headbutt          |     2 |     4 |    20 ||    26
         Flail             |       |    10 |   123 ||   133
         Punch             |       |     1 |     1 ||     2
   Cast: Scorch            |     5 |    52 |    82 ||   139
 Invoke: Fiery Armour      |       |       |     3 ||     3
    Use: Scroll            |       |     7 |     3 ||    10
         Potion            |       |       |     2 ||     2
 Armour: Robe              |    27 |    74 |   161 ||   262
  Dodge: Dodged            |    22 |    40 |    93 ||   155

Table legend: (Time is in decaauts)
 A = Elapsed time spent in this place.
 B = Non-inter-level travel time spent in this place.
 C = Inter-level travel time spent in this place.
 D = Time resting spent in this place.
 E = Time spent auto-exploring this place.
 F = Levels seen in this place.
 G = Mean time per level.
                   A        B        C        D        E       F      G
               +--------+--------+--------+--------+--------+-----+--------+
         Total |   6502 |   6320 |    182 |   1593 |   3692 |   7 |  928.9 |
       Dungeon |   5957 |   5775 |    182 |   1386 |   3519 |   6 |  992.8 |
         Sewer |    545 |    545 |      0 |    207 |    173 |   1 |  545.0 |
               +--------+--------+--------+--------+--------+-----+--------+

Top non-repeatable levels by time:
     D:4: 1408 daAuts
     D:5: 1273 daAuts
     D:2: 957 daAuts
     D:3: 916 daAuts
     D:1: 854 daAuts
     D:6: 547 daAuts
   Sewer: 545 daAuts
